 Dungeon Crawl Stone Soup version 0.30-a0-691-g754fce4c43 (webtiles) character file.

Game seed: 17741883205957189370

834 Darius099 the Ruffian (level 7, -4/106 HPs)
             Began as a Troll Berserker on Jan 20, 2023.
             Was a Believer of Trog.
             Slain by Edmund
             ... wielding a +6 dire flail of venom
              (9 damage)
             ... on level 5 of the Dungeon.
             The game lasted 00:04:30 (2693 turns).

Darius099 the Ruffian (Troll Berserker)             Turns: 2693, Time: 00:04:30

Health: -4/106     AC:  4    Str: 34    XL:     7   Next: 66%
Magic:  6/6        EV: 10    Int:  9    God:    Trog [**....]
Gold:   242        SH:  0    Dex:  9    Spells: 6/6 levels left

rFire   . . .      SeeInvis .      - Unarmed
rCold   . . .      Faith    .    (no shield)
rNeg    . . .      Spirit   .    a - +0 animal skin
rPois   .          Reflect  .    (helmet restricted)
rElec   .          Harm     .    (no cloak)
rCorr   .          Rampage  .    (gloves unavailable)
Will    .....                    (boots unavailable) Stlth
                                 (no amulet)
HPRegen 1.17/turn                m - +6 ring of strength
MPRegen 0.10/turn                f - +6 ring of intelligence

@: berserking, lethally poisoned (-4 -> -32), very quick
A: large, unfitting armour, claws 3, regeneration 1, shaggy fur 1, tough skin 1
a: Renounce Religion, Berserk, Trog's Hand


You were on level 5 of the Dungeon.
You worshipped Trog.
Trog was pleased with you.
You visited 1 branch of the dungeon, and saw 5 of its levels.

You collected 242 gold pieces.

Inventory:

Armour
 a - a +0 animal skin (worn)
Jewellery
 f - a +6 ring of intelligence (right claw)
 m - a +6 ring of strength (left claw)
 s - a ring of ice
 u - an amulet of guardian spirit
Wands
 e - a wand of digging (5)
 r - a wand of mindburst (18)
 t - a wand of charming (5)
Scrolls
 b - 4 scrolls of identify {unknown}
 c - 3 scrolls of teleportation {unknown}
 d - 2 scrolls of fear {unknown}
 g - a scroll of immolation {unknown}
 h - a scroll of noise {unknown}
 l - a scroll of amnesia {unknown}
 n - a scroll of fog {unknown}
 o - a scroll of enchant weapon {unknown}
 p - 2 scrolls of poison {unknown}
 q - 3 scrolls of vulnerability {unknown}
 v - a scroll of magic mapping {unknown}
Potions
 i - a potion of curing {unknown}
 j - a potion of resistance {unknown}
 k - a potion of ambrosia {unknown}


   Skills:
 + Level 4.7 Fighting
 + Level 4.8 Dodging
 + Level 5.8 Unarmed Combat


You had 6 spell levels left.
You didn't know any spells.
Your spell library was empty.

Dungeon Overview and Level Annotations

Branches:
Dungeon (5/15)
 Temple: D:4-7

Altars:
Ashenzari
Cheibriados
Dithmenos
Elyvilon
Gozag
Hepliaklqana
Kikubaaqudgha
Nemelex Xobeh
Okawaru
Ru
Sif Muna
Wu Jian
Zin

Annotations:
D:5 Edmund


Innate Abilities, Weirdness & Mutations

You are too large for most types of armour.
You have claws for hands.
Your natural rate of healing is unusually fast.
You are covered in fur. (AC +1)
You have tough skin. (AC +1)


Message History

You are too injured to fight recklessly!
Unknown command.
You are too injured to fight recklessly!
Unknown command.
You are too injured to fight recklessly!
Unknown command.
You are too injured to fight recklessly!
Unknown command.
There is a lethal amount of poison in your body!
Unknown command.
There is a lethal amount of poison in your body!
Unknown command.
There is a lethal amount of poison in your body!
Unknown command.
There is a lethal amount of poison in your body!
Unknown command.
There is a lethal amount of poison in your body!
Unknown command.
You are too injured to fight recklessly!
Unknown command.
You are too injured to fight recklessly!
Unknown command.
You are too injured to fight recklessly!
Unknown command.
You are too injured to fight recklessly!
Unknown command.
You are too injured to fight recklessly!
You barely miss Edmund.
Edmund is severely wounded.
* * * LOW HITPOINT WARNING * * *
You feel extremely sick.
Edmund hits you with a +6 dire flail of venom.
* * * LOW HITPOINT WARNING * * *
You are more poisoned.
A red film seems to cover your vision as you go berserk!
You feel yourself moving faster!
You feel mighty!
* * * LOW HITPOINT WARNING * * *
You feel extremely sick.
Edmund hits you with a +6 dire flail of venom!
You die...

#.# #..####.##.#
...#. #.#
#...)....#.# ..#
###.#####..##..#.#
.#
...............#.#
.#
....######..##.#.#
..### ##.##.#.#
#.# #.##.#.#######
#.# #.............
#.# ####(.@@####
#.# #.##......#
#.# #.# ##.##..
#.# #.. # #.# ###


You could see Edmund.

Vanquished Creatures
  Pikel (D:4)
  An ice beast (D:5)
  An ogre (D:4)
  Terence (D:2)
  2 iguanas
  7 adders
  A white imp (D:4)
  2 worms (D:2)
  2 dart slugs
  5 ball pythons
  9 endoplasms
  3 giant cockroaches (D:1)
  3 goblins
  7 hobgoblins
  4 jackals
  6 kobolds
  A quokka (D:1)
  5 bats
  A frilled lizard (D:2)
  4 rats
66 creatures vanquished.

Notes
Turn   | Place    | Note
-------+----------+-------------------------------------------
     0 | D:1      | Darius099 the Troll Berserker began the quest for the Orb.
     0 | D:1      | Reached XP level 1. HP: 22/22 MP: 0/0
     0 | D:1      | Noticed a gargoyle
     1 | D:1      | Noticed a minotaur
     5 | D:1      | Noticed a draconian
     9 | D:1      | Noticed a vine stalker
    11 | D:1      | Noticed an elf
    11 | D:1      | Noticed a tengu
    15 | D:1      | Noticed a vampire
   172 | D:1      | Reached XP level 2. HP: 29/29 MP: 1/1
  1128 | D:2      | Noticed Terence
  1144 | D:2      | Killed Terence
  1145 | D:2      | Reached XP level 3. HP: 28/37 MP: 2/2
  1398 | D:2      | Identified the +5 sling of Boobuef {drain, rC+ Dex+3}
  1463 | D:2      | Reached XP level 4. HP: 38/45 MP: 3/3
  1463 | D:2      | Reached ** piety under Trog
  1988 | D:3      | Reached skill level 4 in Unarmed Combat
  2086 | D:3      | You fall into a shaft and drop 1 floor!
  2104 | D:4      | Noticed Pikel
  2104 | D:4      | Noticed a lemure
  2110 | D:4      | Noticed a lemure
  2111 | D:4      | Noticed a lemure
  2116 | D:4      | Noticed a lemure
  2121 | D:4      | Killed Pikel
  2122 | D:4      | Reached skill level 5 in Unarmed Combat
  2122 | D:4      | Reached XP level 5. HP: 22/55 MP: 4/4
  2122 | D:4      | Reached XP level 6. HP: 25/63 MP: 5/5
  2122 | D:4      | Reached XP level 7. HP: 29/71 MP: 6/6
  2195 | D:4      | Found a sacrificial altar of Ru.
  2196 | D:4      | Found a shadowy altar of Dithmenos.
  2539 | D:4      | Found a broken altar of Ashenzari.
  2540 | D:4      | Found a snail-covered altar of Cheibriados.
  2541 | D:4      | Found an opulent altar of Gozag.
  2541 | D:4      | Found a sparkling altar of Nemelex Xobeh.
  2542 | D:4      | Found an iron altar of Okawaru.
  2543 | D:4      | Found an ornate altar of the Wu Jian Council.
  2543 | D:4      | Found a white marble altar of Elyvilon.
  2544 | D:4      | Found an ancient bone altar of Kikubaaqudgha.
  2545 | D:4      | Found a hazy altar of Hepliaklqana.
  2545 | D:4      | Found a glowing silver altar of Zin.
  2546 | D:4      | Found a shimmering blue altar of Sif Muna.
  2578 | D:5      | Entered Level 5 of the Dungeon
  2685 | D:5      | Noticed Edmund
  2693 | D:5      | HP: 5/106 [poisoned by Edmund]
  2693 | D:5      | Slain by Edmund

Illustrated notes

Levels and vault maps discovered:
D:1:      shiori_arrival_whats_in_store_for_you, layout_basic,
          nicolae_hexahallways
D:2:      layout_basic, minmay_octomino_c4, uniq_terence
D:3:      layout_loops_cross, serial_shops, shop
D:4:      layout_gridville, nicolae_overflows_in_rows, uniq_pikel
D:5:      layout_basic, serial_shops, nicolae_shop_trees,
          lightli_corner_chamber, uniq_sigmund, uniq_edmund

Skill      XL: |  1  2  3  4 |
---------------+-------------+-----
Fighting       | 3 4 |  4.7
Dodging        | 3 4 |  4.8
Unarmed Combat | 5 |  5.8

Action                   |  1- 3 |  4- 6 |  7- 9 || total
-------------------------+-------+-------+-------++-------
Melee: Unarmed           |    81 |    56 |    37 ||   174
       Punch             |     1 |     2 |     1 ||     4
Invok: Berserk           |       |     1 |     1 ||     2
 Stab: Sleeping          |     1 |       |       ||     1
Armor: Animal skin       |    22 |    26 |     6 ||    54
Dodge: Dodged            |    28 |    30 |    12 ||    70

Table legend: (Time is in decaauts)
 A = Elapsed time spent in this place.
 B = Non-inter-level travel time spent in this place.
 C = Inter-level travel time spent in this place.
 D = Time resting spent in this place.
 E = Time spent auto-exploring this place.
 F = Levels seen in this place.
 G = Mean time per level.
                   A        B        C        D        E       F      G
               +--------+--------+--------+--------+--------+-----+--------+
         Total |   2689 |   2557 |    132 |      0 |   2083 |   5 |  537.8 |
       Dungeon |   2689 |   2557 |    132 |      0 |   2083 |   5 |  537.8 |
               +--------+--------+--------+--------+--------+-----+--------+

Top non-repeatable levels by time:
     D:1: 1101 daAuts
     D:2: 773 daAuts
     D:4: 500 daAuts
     D:3: 200 daAuts
     D:5: 113 daAuts
